 Dungeon Crawl Stone Soup version 0.22.0-32-gbc6daba (webtiles) character file.

212 bosm the Charmwright (level 5, 0/31 HPs)
             Began as a Deep Elf Skald on Aug 23, 2018.
             Succumbed to a worker ant's poison
             ... on level 3 of the Dungeon.
             The game lasted 00:06:40 (2415 turns).

bosm the Charmwright (Deep Elf Skald)               Turns: 2415, Time: 00:06:41

Health: 0/31       AC:  6    Str:  8    XL:     5   Next: 58%
Magic:  6/13       EV: 12    Int: 19    God:
Gold:   116        SH:  0    Dex: 14    Spells: 3/12 levels left

rFire    . . .     SeeInvis .   a - +1 spear
rCold    . . .     Gourm    .   (no shield)
rNeg     . . .     Faith    .   b - +0 leather armour
rPois    .         Spirit   .   (helmet restricted)
rElec    .         Reflect  .   (no cloak)
rCorr    .         Harm     .   (no gloves)
MR       +....                  k - +0 pair of boots
Stlth    +.........             (no amulet)
HPRegen  0.10/turn              j - ring of protection from magic
MPRegen  0.13/turn              (no ring)

@: lethally poisoned (0 -> -2)
A: hooves 1, horns 1, icy blue scales 1, wild magic 1
a: no special abilities


You were on level 3 of the Dungeon.
You were not hungry.

You visited 1 branch of the dungeon, and saw 3 of its levels.

You collected 116 gold pieces.

Inventory:

Hand Weapons
 a - a +1 spear (weapon)
Armour
 b - a +0 leather armour (worn)
 k - a +0 pair of boots (worn)
Jewellery
 j - a ring of protection from magic (left hand)
Scrolls
 g - a scroll of identify
 h - a scroll of remove curse
Potions
 i - a potion of cancellation
Comestibles
 d - 2 rations


   Skills:
 + Level 2.5 Fighting
 * Level 3.0 Polearms
 - Level 0.7 Armour
 - Level 2.4 Dodging
 + Level 4.3 Spellcasting
 + Level 5.7 Charms


You had 3 spell levels left.
You knew the following spells:

 Your Spells              Type           Power        Failure   Level  Hunger
a - Infusion              Chrm           ####         3%          1    None
b - Regeneration          Chrm/Necr      ###.......   24%         3    ###....
c - Shroud of Golubria    Chrm/Tloc      ###.......   13%         2    #......
d - Spectral Weapon       Hex/Chrm       ###.....     24%         3    ###....

Your spell library contained the following spells:

 Spells                   Type           Power        Failure   Level  Hunger
 Song of Slaying          Chrm           ####....     4%          2    #......


Dungeon Overview and Level Annotations

Branches:
Dungeon (3/15)

Altars:
Dithmenos
Nemelex Xobeh
Yredelemnul


Innate Abilities, Weirdness & Mutations

You have large cloven feet.
You have a pair of small horns on your head.
You are partially covered in icy blue scales. (AC +2)
Your spells are a little harder to cast, but a little more powerful.


Message History

You feel sick.
* * * LOW HITPOINT WARNING * * *
You feel sick.
* * * LOW HITPOINT WARNING * * *
You feel sick.
Okay, then.
Your magical effects are unravelling.
You feel magically purged.
You float gracefully downwards.
Your spectral weapon fades away.
* * * LOW HITPOINT WARNING * * *
You feel sick.
You eat one of the 3 rations.
That ration really hit the spot! 3 jackals come into view.
You feel sick.
The jackal barks! x2
As you read the scroll labeled QAORHAKHONEZI, it crumbles to dust.
You feel aware of your surroundings.
You sensed 1 shop/portal.
It was a scroll of magic mapping.
The jackal bites you.
* * * LOW HITPOINT WARNING * * *
You die...

**,,,,*....h,*
,,,,,,,,....**
....,,.,,..h*
....**..##..#*
....#*,,.....*
.##.#*,,*#...*
.....*..##..h######
..#,,,........h...#
..###*#.####.###@##
.....,,,,,...* #.#
)######,*####* #.#
......#.##* #.#
..###§#...######.#
..# #§#*#........#
..###.###.#.######
...§<.....#.#
#.§#......#.####


You could see 2 jackals.

Vanquished Creatures
  A water moccasin (D:3)
  A worker ant (D:3)
  An adder (D:3)
  A shadow imp (D:3)
  2 worms (D:2)
  A dart slug (D:2)
  A leopard gecko (D:1)
  An orc (D:3)
  3 giant cockroaches
  4 goblins
  8 hobgoblins
  4 jackals (D:1)
  A quokka (D:2)
  A ball python (D:1)
  9 bats
  4 frilled lizards
  A jackal skeleton (D:3)
  6 kobolds
  9 rats
  A spectral orc (D:3)
60 creatures vanquished.

Notes
Turn   | Place    | Note
-------+----------+-------------------------------------------
     0 | D:1      | bosm the Deep Elf Skald began the quest for the Orb.
     0 | D:1      | Reached XP level 1. HP: 12/12 MP: 6/6
   282 | D:1      | Reached XP level 2. HP: 17/17 MP: 2/8
  1119 | D:1      | Reached XP level 3. HP: 20/21 MP: 1/9
  1127 | D:1      | Learned a level 3 spell: Spectral Weapon
  1131 | D:1      | Learned a level 3 spell: Regeneration
  1234 | D:2      | Found a sparkling altar of Nemelex Xobeh.
  1482 | D:2      | Found a shadowy altar of Dithmenos.
  1694 | D:2      | Reached skill level 5 in Charms
  1843 | D:2      | Learned a level 2 spell: Shroud of Golubria
  2148 | D:3      | Found a basalt altar of Yredelemnul.
  2212 | D:3      | Reached XP level 4. HP: 19/26 MP: 1/11
  2288 | D:3      | Noticed a water moccasin
  2309 | D:3      | Killed a water moccasin
  2309 | D:3      | Reached XP level 5. HP: 21/31 MP: 3/13
  2393 | D:3      | Gained mutation: You are partially covered in icy blue scales. (AC +2) [potion of mutation]
  2393 | D:3      | Gained mutation: You have a pair of small horns on your head. [potion of mutation]
  2393 | D:3      | Gained mutation: Your spells are a little harder to cast, but a little more powerful. [potion of mutation]
  2393 | D:3      | Gained mutation: You have large cloven feet. [potion of mutation]
  2414 | D:3      | HP: 1/31 [jackal (2)]
  2415 | D:3      | Succumbed to a worker ant's poison

Skill      XL: |  1  2  3  4  5 |
---------------+----------------+-----
Polearms       | 2 3 |  3.0
Fighting       | 2 |  2.5
Charms         | 5 |  5.7
Spellcasting   | 4 |  4.3
Armour         | |  0.7
Dodging        | |  2.4

Action                   |  1- 3 |  4- 6 || total
-------------------------+-------+-------++-------
Melee: Spear             |   146 |    21 ||   167
 Cast: Infusion          |    19 |     2 ||    21
       Spectral Weapon   |     7 |     3 ||    10
  Use: Scroll            |     6 |     1 ||     7
       Potion            |       |     4 ||     4
 Stab: Sleeping          |     4 |       ||     4
       Distracted        |     2 |       ||     2
  Eat: Chunk             |     4 |     1 ||     5
       Ration            |       |     1 ||     1
Armor: Leather armour    |    32 |     1 ||    33
Dodge: Dodged            |    61 |     9 ||    70
